 Dungeon Crawl Stone Soup version 0.31-a0-233-g139696dc86 (webtiles) character file.

Game seed: 1483411606335751034

225935 Shard1697 the Peltast (level 20, 0/143 HPs)
             Began as a Djinni Summoner on July 8, 2023.
             Was the Champion of Jiyva.
             Slain by a swamp dragon (11 damage)
             ... on level 3 of the Swamp on July 9, 2023.
             The game lasted 01:46:03 (27362 turns).

Shard1697 the Peltast (Djinni Summoner)            Turns: 27362, Time: 01:46:03

Health: 0/143      AC: 11    Str:  8    XL:     20   Next: 11%
Gold:   1437       EV: 16    Int: 26    God:    Jiyva [******] SH: 17 Dex: 17

rFire   + + +        a - +11 scimitar of Dimug {spect, rPois}
rCold   . . .        s - +3 kite shield
rNeg    . . .        r - +3 leather armour {rC+}
rPois   ∞            (no helmet)
rElec   .            S - +0 cloak of Docut {Rampage SInv}
rCorr   +            (no gloves)
SInv    +            (boots unavailable)
Will    +++..        k - amulet of the acrobat
Stlth   ++++++       n - +4 ring of protection
HPRegen 2.03/turn    N - ring of Egiek {rF+ Will+ Slay+4}
MPRegen 0.00/turn

%: acrobat, rampage, infuse magic (-1 HP)
@: about to teleport, flying
A: sickness immunity, fire resistance 3, cold vulnerability 1, float, innate
caster, HP casting, extra vitality 1, claws 1, thin skeletal structure 1, clever
1, sense surroundings 1, wild magic 3, eyeballs 1, evolution 2, jelly sensing
items, jelly absorbing missiles, sturdy frame 1
}: 1/15 runes: serpentine
a: Renounce Religion, Oozemancy, Slimify


You were on level 3 of the Swamp.
You worshipped Jiyva.
Jiyva was exalted by your worship.
You visited 5 branches of the dungeon, and saw 30 of its levels.
You also visited: Sewer, Bailey and Gauntlet.

You collected 2313 gold pieces.
You spent 876 gold pieces at shops.

Inventory:

Hand Weapons
 a - the +11 scimitar of Dimug (weapon) {spect, rPois}
   (You took it off a wizard on level 14 of the Dungeon)

   rPois:     It protects you from poison.
 b - a +5 short sword of electrocution
 C - a +2 spectral demon blade
 V - the +8 demon blade "Leech" {evervamp, Harm Drain rN+}
   (You took it off an orc knight on level 14 of the Dungeon)

   rN:        It protects you from negative energy.
   Drain:     It drains your maximum health when unequipped.
   Harm:      It increases damage dealt and taken.
Missiles
 E - 2 throwing nets
 G - 6 curare-tipped darts
Armour
 m - a +0 helmet
 r - a +3 leather armour of cold resistance (worn)
 s - a +3 kite shield (worn)
 P - a +2 scale mail of cold resistance
 S - the +0 cloak of Docut (worn) {Rampage SInv}
   (You found it on level 4 of the Dungeon)

   SInv:      It lets you see invisible.
   Rampage:   It bestows one free step when moving towards enemies.
Jewellery
 j - the ring "Lusiumeg" {rElec Dex+6}
   (You took it off a spriggan on level 2 of the Swamp)

   [ring of dexterity]

   Dex:       It affects your dexterity (+6).
   rElec:     It insulates you from electricity.
 k - an amulet of the acrobat (around neck)
 n - a +4 ring of protection (left claw)
 F - a ring of see invisible
 L - a ring of willpower
 N - the ring of Egiek (right claw) {rF+ Will+ Slay+4}
   (You found it in a Gauntlet)

   [ring of protection from fire]

   Slay:      It affects your accuracy & damage with ranged weapons and melee
   (+4).
   rF:        It protects you from fire.
   Will:      It increases your willpower.
 W - a ring of ice
Wands
 l - a wand of polymorph (10)
 u - a wand of charming (16)
 w - a wand of flame (10)
 x - a wand of iceblast (13)
 Q - a wand of quicksilver (6)
Scrolls
 B - 5 scrolls of teleportation
 I - a scroll of poison
 J - 2 scrolls of silence
 M - 5 scrolls of vulnerability
 R - 3 scrolls of revelation
Potions
 c - 2 potions of berserk rage
 d - 4 potions of might
 e - 11 potions of curing
 g - 5 potions of mutation
 h - 2 potions of enlightenment
 i - 6 potions of lignification
 o - 2 potions of degeneration {unknown}
 q - 2 potions of haste
 t - a potion of ambrosia
 z - 2 potions of invisibility {unknown}
 A - 2 potions of resistance {unknown}
 H - 2 potions of heal wounds
 K - 3 potions of brilliance {unknown}
 T - 4 potions of attraction
Miscellaneous
 f - a lightning rod (4/4)
 p - a condenser vane
 v - a phantom mirror
 y - a sack of spiders


   Skills:
 - Level 12.8 Fighting
 - Level 12.3(14.3) Short Blades
 - Level 11.8(14.0) Long Blades
 - Level 10.3 Dodging
 - Level 10.2 Stealth
 - Level 15.0 Shields
 + Level 13.5 Spellcasting
 + Level 13.5 Conjurations
 + Level 13.5 Hexes
   Level 0.0 Charms
 + Level 13.5 Summonings
 + Level 13.5 Necromancy
 + Level 13.5 Translocations
 + Level 13.5 Transmutations
 + Level 13.5 Fire Magic
 + Level 13.5 Ice Magic
 + Level 13.5 Air Magic
 + Level 13.5 Earth Magic
 + Level 13.5 Poison Magic
 - Level 5.8 Evocations


You knew the following spells:

 Your Spells              Type           Power      Damage    Failure   Level
a - Summon Small Mammal   Summ           100%       N/A       1%          1
b - Call Imp              Summ           100%       N/A       1%          2
c - Spider Form           Tmut/Pois      100%       N/A       2%          3
d - Summon Guardian Gole  Hex/Summ       100%       N/A       2%          3
e - Summon Lightning Spi  Summ/Air       100%       N/A       3%          4
f - Call Canine Familiar  Summ           100%       N/A       2%          3
g - Lesser Beckoning      Tloc           100%       N/A       1%          2
h - Summon Hydra          Summ           52%        N/A       54%         7
i - Yara's Violent Unrav  Hex/Tmut       52%        3d20      6%          5
j - Alistair's Intoxicat  Tmut/Pois      70%        N/A       6%          5
k - Death Channel         Necr           52%        N/A       17%         6
m - Magic Dart            Conj           100%       1d8       1%          1
t - Dazzling Flash        Conj/Hex       100%       N/A       2%          3
y - Malign Gateway        Summ/Tloc      52%        N/A       54%         7
Your spell library was empty.

Dungeon Overview and Level Annotations

Branches:
Dungeon (15/15)            Temple (0/1) D:5            Lair (5/5) D:11
  Swamp (4/4) Lair:2        Snake (4/4) Lair:3        Slime (0/5) Lair:4
    Orc (2/2) D:11            Elf (0/3) Orc:2        Vaults (0/5) D:14
  Sewer (visited)          Bailey (visited)         Gauntlet (visited)
 Depths: D:15

Altars:
Cheibriados
Elyvilon
Fedhas
Gozag
Hepliaklqana
Makhleb
Ru
Trog
Uskayaw
Zin
The Shining One
Jiyva

Shops:
D:4 *   Orc:2 [!**

Portals:
Abyss: D:13
Trove: D:11 (give 7 scrolls of fear)

Annotations:
D:4 2 runed translucent doors, prawn's ghost, amateur HOBe
D:13 2 transporters, Mexzoddasi's ghost, journeyman MiBe
D:15 Agnes
Lair:4 1 runed translucent door, Bekuax's ghost, journeyman MfIE
Lair:5 1 runed translucent door, Starbright's ghost, journeyman FoVM
Snake:1 1 runed translucent door, Tylifoqe's ghost, adept MiBe
Snake:2 3 runed translucent doors, exclusion: obsidian statue, Enoukam's ghost, adept OpVM


Innate Abilities, Weirdness & Mutations

You are immune to sickness and miasma.
You are immune to poison.
Your flesh is almost immune to the effects of heat. (rF+++)
You are vulnerable to cold. (rC-)
You float through the air rather than walking.
You learn spells naturally, not from books.
Your magical power is your life essence.
You have superior vitality. (+4 MHP)
You have sharp fingernails.
You have a somewhat thin skeletal structure. (Dex +2, Stealth+)
Your mind is acute. (Int +4, Str/Dex -1)
You passively map a small area around you.
Your spells are much harder to cast, but much more powerful.
Your body has grown eyes which may confuse attackers. (Acc +3)
You have great hidden genetic potential.
You have a small jelly attached to you that senses nearby items.
You have a small jelly attached to you that may absorb projectiles.
Your movements are slightly less encumbered by armour. (ER -2)


Message History

The seven-headed hydra attacks as you move away!
You block the seven-headed hydra's attack.
The seven-headed hydra completely misses you.
You block the seven-headed hydra's attack.
The seven-headed hydra bites you.
You block the seven-headed hydra's attack. x2
The seven-headed hydra closely misses you.
The swamp dragon attacks as you move away!
The swamp dragon bites you! The swamp dragon misses you.
The swamp dragon completely misses you. The swamp dragon bites you!
* * * LOW HITPOINT WARNING * * *
The swamp dragon completely misses you. x2
As you read the scroll of teleportation, it crumbles to dust.
You feel strangely unstable. The seven-headed hydra bites you!
* * * LOW HITPOINT WARNING * * *
The seven-headed hydra bites you!
* * * LOW HITPOINT WARNING * * *
You block the seven-headed hydra's attack.
The seven-headed hydra misses you. The seven-headed hydra bites you.
* * * LOW HITPOINT WARNING * * *
The seven-headed hydra bites you.
* * * LOW HITPOINT WARNING * * *
You block the seven-headed hydra's attack.
The swamp dragon closely misses you. You block the swamp dragon's attack.
The swamp dragon misses you.
You feel much better.
You block the seven-headed hydra's attack.
The seven-headed hydra bites you!
* * * LOW HITPOINT WARNING * * *
The seven-headed hydra bites you.
* * * LOW HITPOINT WARNING * * *
You block the seven-headed hydra's attack.
The seven-headed hydra bites you but does no damage.
You block the seven-headed hydra's attack.
The seven-headed hydra bites you!
* * * LOW HITPOINT WARNING * * *
The swamp dragon misses you.
The swamp dragon claws you but does no damage.
The swamp dragon misses you. The swamp dragon bites you!
You die...

♣.~.♣♣ ♣♣♣♣♣♣ ♣♣♣♣♣ ♣♣♣♣♣..~♣
.....♣ ♣♣♣♣♣~.§♣♣♣.♣♣~..♣♣♣♣♣♣
.♣...♣♣♣..~.~~~...~~~.~.~.♣..♣♣♣
.♣♣♣♣♣♣....~~~~.............~.~♣♣
..♣...♣~...~~~~~~§♣♣J~♣♣..~~.....
......♣♣♣..~~~~~..♣♣J♣♣♣♣.♣♣~~.~~
..♣...♣ ♣♣..~~~DDD♣♣≈♣♣♣♣~♣♣♣♣~~~
..♣♣♣♣♣♣♣♣♣~.~~~@♣♣≈≈≈♣♣.~♣ ♣.~~
......♣.~..♣♣...~♣≈≈≈≈≈♣~.♣ ♣♣~<<
♣.♣...♣~~~.♣♣♣~.~≈≈≈≈≈≈≈~.♣ ♣~♣.~
♣♣♣...♣§~~.♣♣♣~^§♣J≈≈♣≈♣..♣ ♣♣~~~
♣♣♣...♣♣♣.~.♣..~.♣♣≈≈♣♣♣.♣♣ ♣♣~~
~~♣♣♣♣♣ ♣......♣♣♣♣♣♣♣♣♣~♣ ♣♣♣♣~.
)...♣ ♣..♣♣.~~♣ ♣..♣♣♣.♣♣.. ..~.♣
♣♣♣♣~..~♣ ♣~.~.~.....
♣...♣♣♣♣♣♣♣♣~♣♣♣♣ ♣♣..~##.##.


You could see a seven-headed hydra (strong), 2 swamp dragons and a neutral jelly
(wandering) (fellow slime).

Vanquished Creatures
  Mara (Snake:4)
  2 tentacled monstrosities (Swamp:2)
  Rupert (D:15)
  A thorn hunter (Swamp:3)
  Donald (Swamp:4)
  A fenstrider witch (Swamp:2)
  Kirke (Snake:2)
  4 nagarajas (Snake:4)
  Aizul (Snake:3)
  4 ghouls
  4 eleionomae
  Nessos (D:12)
  A minotaur (Gauntlet)
  6 bunyips
  3 dire elephants
  An ettin (Orc:2)
  2 fire dragons (D:14)
  An entropy weaver (Gauntlet)
  2 salamander tyrants (Snake:4)
  2 shambling mangroves
  A ghost crab (Swamp:3)
  6 centaur warriors
  15 hydras
  4 boulder beetles
  7 alligators
  7 anacondas
  5 two-headed ogres
  A dancing weapon (D:14)
  9 naga warriors
  8 death yaks
  13 naga sharpshooters
  Urug (Orc:2)
  2 tengu warriors
  A spriggan berserker (Swamp:2)
  3 shock serpents
  A deep elf knight (Swamp:1)
  Nergalle (D:12)
  6 salamander mystics
  A spectral death yak (Lair:5)
  6 goliath frogs
  9 spriggan druids
  3 skeletal warriors
  A spectral anaconda (Lair:5)
  11 swamp dragons
  9 naga ritualists
  2 deep elf pyromancers
  An obsidian statue (Lair:5)
  7 orc knights
  9 bog bodies
  A wolf spider (Gauntlet)
  3 necromancers (Lair:5)
  2 ugly things
  13 salamanders
  3 manticores
  4 mana vipers
  6 will-o-the-wisps
  5 cyclopes
  A dire elephant zombie (Lair:5)
  9 naga magi
  38 black mambas
  9 elephants
  An orange demon (Lair:1)
  A torpor snail (Gauntlet)
  2 guardian serpents
  Joseph (D:7)
  5 cane toads
  A dire elephant skeleton (Lair:5)
  2 unseen horrors
  A kobold demonologist (D:10)
  3 rime drakes
  A freezing wraith (D:14)
  6 komodo dragons
  2 tengu conjurers (D:15)
  6 trolls
  Grinder (D:3)
  16 blink frogs
  13 hornets
  A blink frog (shapeshifter) (D:15)
  8 tyrant leeches
  4 dream sheep (Lair:4)
  3 spectral elephants (Lair:5)
  3 centaur simulacra (D:14)
  20 spriggans
  A wraith (D:9)
  A vampire (D:9)
  2 shadows
  38 yaks
  2 water elementals (D:13)
  A redback (Gauntlet)
  A basilisk (D:15)
  3 hogs (Snake:2)
  5 steam dragons
  2 vampire mosquitoes
  7 wargs
  2 acid dragons
  12 swamp worms
  15 water moccasins
  47 nagas
  3 nameless horrors
  8 swamp drakes
  31 orc warriors
  A black bear (D:5)
  An elephant zombie (Lair:5)
  2 sky beasts
  7 ogres
  10 wolves
  14 centaurs
  2 kobold brigands
  A phantom (D:4)
  15 bullfrogs
  2 necrophages (Swamp:3)
  3 gnoll sergeants
  A scorpion (D:5)
  2 cane toad simulacra (Lair:5)
  A wight (D:9)
  Dowan (D:5)
  2 elephant simulacra (Lair:5)
  8 killer bees
  3 howler monkeys
  An electric eel (D:13)
  A gnoll bouda (D:8)
  7 orc priests
  A hound (D:4)
  5 iguanas
  Ijyb (D:3)
  8 orc wizards
  3 sleepcaps
  Robin (D:3)
  11 gnolls
  11 adders
  2 river rats (Sewer)
  2 white imps
  4 worms
  A dart slug (D:3)
  48 orcs
  6 ball pythons
  3 bats
  A giant cockroach (D:4)
  14 goblins
  8 hobgoblins
  A jackal (D:3)
  14 kobolds
  2 quokkas
  3 frilled lizards
  11 rats
812 creatures vanquished.

Vanquished Creatures (collateral kills)
  Vashnia (Snake:3)
  Asterion (Snake:2)
  A nagaraja (Snake:4)
  3 eleionomae
  3 dire elephants
  Snorg (D:14)
  2 hydras
  2 catoblepae
  4 anacondas
  2 centaur warriors (D:14)
  A boulder beetle (D:11)
  2 two-headed ogres
  3 naga warriors
  2 death yaks (Lair:5)
  2 naga sharpshooters
  2 skeletal warriors (D:12)
  A salamander mystic (Snake:4)
  Amaemon (Lair:1)
  A goliath frog (Swamp:2)
  A skyshark (Lair:5)
  2 spriggan druids
  4 naga ritualists (Snake:4)
  An orb spider (shapeshifter) (D:14)
  A deep elf archer (Swamp:1)
  A necromancer (Lair:5)
  A wizard (D:14)
  3 orc knights (Orc:2)
  A mana viper (Snake:3)
  A deep elf pyromancer (D:14)
  2 ugly things
  A salamander (Snake:4)
  7 elephants
  2 black mambas (Snake:4)
  2 cane toads (Lair:5)
  A komodo dragon (Lair:3)
  4 naga magi
  A kobold demonologist (D:13)
  A freezing wraith (D:14)
  Psyche (D:12)
  A troll (Orc:1)
  2 hornets (Swamp:2)
  2 blink frogs (Lair:5)
  3 dream sheep (Lair:4)
  4 spriggans
  16 yaks
  3 nameless horrors
  2 vampire mosquitoes
  2 swamp worms (Gauntlet)
  A warg (Orc:2)
  9 nagas
  A hell hound (Swamp:1)
  A water moccasin (Lair:3)
  Duvessa (D:5)
  A meliai simulacrum (D:14)
  A black bear (D:7)
  An ice beast (D:7)
  5 orc warriors (Orc:2)
  3 swamp drakes (Swamp:4)
  5 ogres
  7 wolves
  2 centaurs
  A kobold brigand (D:10)
  4 wights (D:9)
  5 killer bees
  3 jellies
  2 orc priests
  A hound (D:6)
  3 orc wizards
  4 gnolls
  An adder (D:6)
  20 orcs
  An endoplasm (D:1)
  A hobgoblin (D:1)
  2 jackals (D:5)
  2 frilled lizards (D:1)
  5 kobolds
  A rat (D:2)
202 creatures vanquished.

Vanquished Creatures (others)
  A salamander tyrant (Snake:4)
  A dancing weapon (D:14)
  2 shock serpents
  A salamander mystic (Snake:4)
  A manticore (D:14)
  A naga mage (Snake:4)
  A black mamba (Snake:1)
  A bloated husk (Swamp:2)
  A troll (D:14)
  2 slime creatures (D:14)
  A naga (Snake:2)
  A water moccasin (Lair:2)
  4 bullfrogs
  A howler monkey (D:12)
  119 jellies
  An orc priest (D:8)
  An iguana (D:7)
  3 orc wizards
  A gnoll (D:4)
  An adder (D:5)
  A shadow imp (D:7)
  A nameless horror (Lair:3)
  10 orcs
  3 endoplasms
  2 giant cockroaches
  3 goblins
  A hobgoblin (D:4)
  A jackal (D:3)
  3 kobolds
  A quokka (D:5)
  A ball python (D:2)
  2 bats (D:1)
  A rat (D:2)
  A butterfly (Lair:3)
  20 foxfires
  13 spectral weapons
209 creatures vanquished.

Grand Total: 1223 creatures vanquished

Notes
Turn   | Place    | Note
-------+----------+-------------------------------------------
     0 | D:1      | Shard1697 the Djinni Summoner began the quest for the Orb.
     0 | D:1      | Shard1697 set off with the following spells memorised:
                  | Summon Small Mammal, Call Imp, Call Canine Familiar, Summon
                  | Guardian Golem, Summon Lightning Spire.
     0 | D:1      | Reached XP level 1. HP: 15/15 MP: 0/0
    23 | D:1      | Found a faded altar of an unknown god.
   122 | D:1      | Prayed at the altar of an unknown god.
   122 | D:1      | Became a worshipper of Jiyva Jovvicy the Shapeless
   122 | D:1      | Reached * piety under Jiyva
   218 | D:1      | Reached XP level 2. HP: 22/22 MP: 0/0
   481 | D:1      | Reached ** piety under Jiyva
   762 | D:2      | Reached skill level 1 in Short Blades
  1098 | D:2      | Reached XP level 3. HP: 24/26 MP: 0/0
  1098 | D:2      | Learned a level 1 spell: Magic Dart
  1256 | D:2      | Reached *** piety under Jiyva
  1263 | D:2      | Found a white marble altar of Elyvilon.
  1537 | D:3      | Noticed Grinder
  1552 | D:3      | Killed Grinder
  1553 | D:3      | Reached XP level 4. HP: 28/31 MP: 0/0
  1553 | D:3      | Reached XP level 5. HP: 33/36 MP: 0/0
  1553 | D:3      | Learned a level 2 spell: Lesser Beckoning
  1553 | D:3      | Reached XP level 6. HP: 38/41 MP: 0/0
  1641 | D:3      | Noticed Robin
  1660 | D:3      | Killed Robin
  1809 | D:3      | Gained mutation: You expend health (3 HP) to strengthen
                  | your wands. [Jiyva's grace]
  1809 | D:3      | Gained mutation: You are robust. (+10% HP) [Jiyva's grace]
  1809 | D:3      | Gained mutation: You are very robust. (+20% HP) [Jiyva's
                  | grace]
  1809 | D:3      | Gained mutation: You are extremely robust. (+30% HP)
                  | [Jiyva's grace]
  1827 | D:3      | Noticed Ijyb
  1925 | D:3      | Killed Ijyb
  1926 | D:3      | Reached skill level 1 in Fighting
  2106 | D:3      | Reached **** piety under Jiyva
  2146 | D:3      | Found a glowing drain.
  2151 | Sewer    | Entered a sewer
  2390 | Sewer    | Reached XP level 7. HP: 57/63 MP: 0/0
  2390 | Sewer    | Learned a level 3 spell: Dazzling Flash
  3044 | D:4      | Identified the +0 cloak of Docut {Rampage SInv}
  3131 | D:4      | Reached skill level 5 in Short Blades
  3142 | D:4      | Found Anlow's Fire Supplies.
  3379 | D:4      | Reached ***** piety under Jiyva
  3388 | D:4      | Found a large runed translucent door.
  3388 | D:4      | Found a large runed translucent door.
  3390 | D:4      | Noticed prawn's ghost (amateur HOBe)
  3447 | D:4      | Reached XP level 8. HP: 56/72 MP: 0/0
  3687 | D:5      | Entered Level 5 of the Dungeon
  3698 | D:5      | Noticed a yak
  3700 | D:5      | Noticed a yak
  3700 | D:5      | Noticed a yak
  3727 | D:4      | Killed a yak
  3728 | D:4      | Reached skill level 1 in Shields
  4018 | D:5      | Found a staircase to the Ecumenical Temple.
  4053 | D:5      | Noticed Dowan
  4073 | D:5      | Killed Dowan
  4073 | D:5      | Noticed Duvessa
  4074 | D:5      | Reached skill level 2 in Shields
  4084 | D:5      | Killed Duvessa
  4135 | D:5      | Lost mutation: You are extremely robust. (+30% HP) [Jiyva's
                  | grace]
  4135 | D:5      | Gained mutation: Your muscles are strong. (Str +4, Int/Dex
                  | -1) [Jiyva's grace]
  4135 | D:5      | Gained mutation: Your muscles are very strong. (Str +8,
                  | Int/Dex -2) [Jiyva's grace]
  4135 | D:5      | Gained mutation: Your movements are slightly less
                  | encumbered by armour. (ER -2) [Jiyva's grace]
  4135 | D:5      | Gained mutation: Your movements are less encumbered by
                  | armour. (ER -4) [Jiyva's grace]
  4291 | D:5      | Killed a yak
  4294 | D:5      | Killed a yak
  4295 | D:5      | Reached skill level 5 in Fighting
  4295 | D:5      | Reached skill level 3 in Shields
  4295 | D:5      | Reached XP level 9. HP: 43/78 MP: 0/0
  4295 | D:5      | Learned a level 3 spell: Spider Form
  4662 | D:6      | Reached skill level 4 in Shields
  5373 | D:6      | Found a hazy altar of Hepliaklqana.
  5374 | D:6      | Found a burning altar of Makhleb.
  5375 | D:6      | Found a glowing golden altar of the Shining One.
  5375 | D:6      | Found a snail-covered altar of Cheibriados.
  5507 | D:7      | Found a bloodstained altar of Trog.
  5548 | D:7      | Reached skill level 5 in Spellcasting
  5548 | D:7      | Reached skill level 5 in Conjurations
  5548 | D:7      | Reached skill level 5 in Hexes
  5548 | D:7      | Reached skill level 5 in Summonings
  5548 | D:7      | Reached skill level 5 in Necromancy
  5548 | D:7      | Reached skill level 5 in Translocations
  5548 | D:7      | Reached skill level 5 in Transmutations
  5548 | D:7      | Reached skill level 5 in Fire Magic
  5548 | D:7      | Reached skill level 5 in Ice Magic
  5548 | D:7      | Reached skill level 5 in Air Magic
  5548 | D:7      | Reached skill level 5 in Earth Magic
  5548 | D:7      | Reached skill level 5 in Poison Magic
  5699 | D:7      | Reached ****** piety under Jiyva
  5769 | D:7      | Noticed Joseph
  5785 | D:7      | Killed Joseph
  5909 | D:7      | Reached XP level 10. HP: 87/87 MP: 0/0
  6158 | D:8      | Lost mutation: You are very robust. (+20% HP) [Jiyva's
                  | grace]
  6158 | D:8      | Gained mutation: You are resistant to electric shocks.
                  | (rElec) [Jiyva's grace]
  6158 | D:8      | Gained mutation: Your body has grown eyes which may confuse
                  | attackers. (Acc +3) [Jiyva's grace]
  6158 | D:8      | Gained mutation: Your body has grown many eyes which may
                  | confuse attackers. (Acc +5) [Jiyva's grace]
  6158 | D:8      | Gained mutation: Your body is covered in eyes which may
                  | confuse attackers. (Acc +7, SInv) [Jiyva's grace]
  6349 | D:8      | Found a blossoming altar of Fedhas.
  6405 | D:8      | Reached skill level 5 in Shields
  7192 | D:9      | Found a flagged portal.
  7215 | Bailey   | Entered a bailey
  7269 | Bailey   | Reached XP level 11. HP: 81/90 MP: 0/0
  7269 | Bailey   | Learned a level 5 spell: Yara's Violent Unravelling
  7302 | Bailey   | Noticed a two-headed ogre
  7303 | Bailey   | Reached skill level 6 in Shields
  7314 | Bailey   | Killed a two-headed ogre
  7394 | Bailey   | Identified the +0 fire dragon scales of the Slug {rF++ rC-
                  | Int+3}
  7909 | D:10     | Entered Level 10 of the Dungeon
  8061 | D:10     | Reached skill level 7 in Shields
  8065 | D:10     | Lost mutation: Your body is covered in eyes which may
                  | confuse attackers. (Acc +7, SInv) [Jiyva's grace]
  8065 | D:10     | Lost mutation: Your movements are less encumbered by
                  | armour. (ER -4) [Jiyva's grace]
  8065 | D:10     | Gained mutation: You have a pair of small horns on your
                  | head. [Jiyva's grace]
  8065 | D:10     | Gained mutation: You have a pair of horns on your head.
                  | [Jiyva's grace]
  8065 | D:10     | Gained mutation: You have a pair of large horns on your
                  | head. [Jiyva's grace]
  8065 | D:10     | Gained mutation: You are very robust. (+20% HP) [Jiyva's
                  | grace]
  8192 | D:10     | Reached skill level 10 in Short Blades
  8639 | D:10     | Reached skill level 10 in Fighting
  8834 | D:11     | Reached XP level 12. HP: 104/109 MP: 0/0
  8871 | D:11     | Noticed a two-headed ogre
  8878 | D:11     | Killed a two-headed ogre
  8879 | D:11     | Reached skill level 8 in Shields
  9073 | D:11     | Found a portal to a secret trove of treasure.
  9108 | D:11     | Noticed a boulder beetle
  9133 | D:11     | Killed a boulder beetle
  9153 | D:11     | Noticed a boulder beetle
  9165 | D:11     | Killed a boulder beetle
  9210 | D:11     | Found a staircase to the Lair.
  9247 | D:11     | Found a staircase to the Orcish Mines.
  9277 | D:11     | Noticed a two-headed ogre
  9288 | D:11     | Killed a two-headed ogre
  9289 | D:11     | Reached skill level 5 in Dodging
  9494 | Lair:1   | Entered Level 1 of the Lair of Beasts
  9652 | Lair:1   | Found a glowing silver altar of Zin.
  9721 | Lair:1   | Noticed Amaemon
  9732 | Lair:1   | Killed Amaemon
  9733 | Lair:1   | Reached skill level 9 in Shields
  9943 | Lair:1   | Lost mutation: You have a pair of large horns on your head.
                  | [Jiyva's grace]
  9943 | Lair:1   | Lost mutation: You are very robust. (+20% HP) [Jiyva's
                  | grace]
  9943 | Lair:1   | Lost mutation: You are resistant to electric shocks.
                  | (rElec) [Jiyva's grace]
  9943 | Lair:1   | Lost mutation: Your body has grown many eyes which may
                  | confuse attackers. (Acc +5) [Jiyva's grace]
  9943 | Lair:1   | Lost mutation: You expend health (3 HP) to strengthen your
                  | wands. [Jiyva's grace]
  9943 | Lair:1   | Gained mutation: You have a pair of large horns on your
                  | head. [Jiyva's grace]
  9943 | Lair:1   | Gained mutation: Your melee attacks may engulf your foes in
                  | ooze. [Jiyva's grace]
  9943 | Lair:1   | Gained mutation: Your skin changes colour to match your
                  | surroundings (Stealth+). [Jiyva's grace]
  9943 | Lair:1   | Gained mutation: Your skin blends seamlessly with your
                  | surroundings (Stealth++). [Jiyva's grace]
 10128 | Lair:1   | Reached skill level 5 in Stealth
 10143 | Lair:1   | Reached XP level 13. HP: 100/105 MP: 0/0
 10143 | Lair:1   | Learned a level 5 spell: Alistair's Intoxication
 10166 | Lair:1   | Found the +8 whip "Snakebite" {venom, curare, rPois}
 10495 | Lair:2   | Found a staircase to the Swamp.
 11010 | Lair:2   | Lost mutation: You have a pair of large horns on your head.
                  | [Jiyva's grace]
 11010 | Lair:2   | Lost mutation: You have a pair of horns on your head.
                  | [Jiyva's grace]
 11010 | Lair:2   | Lost mutation: Your skin blends seamlessly with your
                  | surroundings (Stealth++). [Jiyva's grace]
 11010 | Lair:2   | Lost mutation: Your skin changes colour to match your
                  | surroundings (Stealth+). [Jiyva's grace]
 11010 | Lair:2   | Lost mutation: Your body has grown eyes which may confuse
                  | attackers. (Acc +3) [Jiyva's grace]
 11010 | Lair:2   | Gained mutation: Your spells are a little harder to cast,
                  | but a little more powerful. [Jiyva's grace]
 11010 | Lair:2   | Gained mutation: Your spells are harder to cast, but more
                  | powerful. [Jiyva's grace]
 11010 | Lair:2   | Gained mutation: Your spells are much harder to cast, but
                  | much more powerful. [Jiyva's grace]
 11010 | Lair:2   | Gained mutation: You are somewhat resistant to further
                  | mutation. [Jiyva's grace]
 11699 | Lair:3   | Noticed a catoblepas
 11713 | Lair:3   | Killed a catoblepas
 11873 | Lair:3   | Found a staircase to the Snake Pit.
 12108 | Lair:4   | Found a runed translucent door.
 12110 | Lair:4   | Noticed Bekuax's ghost (journeyman MfIE)
 12117 | Lair:4   | Found a gate leading to a gauntlet.
 12148 | Gauntlet | Entered a Gauntlet
 12148 | Gauntlet | Found a transporter.
 12148 | Gauntlet | Found a transporter.
 12165 | Gauntlet | Found a transporter.
 12169 | Gauntlet | Found a transporter.
 12171 | Gauntlet | Noticed an entropy weaver
 12179 | Gauntlet | Found a transporter.
 12183 | Gauntlet | Found a transporter.
 12193 | Gauntlet | Found a transporter.
 12215 | Gauntlet | Found a transporter.
 12232 | Gauntlet | Found a transporter.
 12236 | Gauntlet | Found a transporter.
 12246 | Gauntlet | Found a transporter.
 12250 | Gauntlet | Found a transporter.
 12375 | Gauntlet | Killed an entropy weaver
 12405 | Gauntlet | Identified the staff "Kalomi Fixto" {rF+ rC+ rN+ Dex-5
                  | Fire}
 12449 | Gauntlet | Reached skill level 10 in Dodging
 12458 | Gauntlet | Reached XP level 14. HP: 71/113 MP: 0/0
 12475 | Gauntlet | Identified the ring of Egiek {rF+ Will+ Slay+4}
 12505 | Gauntlet | Identified the +9 battleaxe of Death's Door {freeze, Dex+3
                  | Stlth+}
 12505 | Gauntlet | Noticed a minotaur
 12517 | Gauntlet | Killed a minotaur
 12581 | Lair:4   | Reached skill level 1 in Evocations
 12701 | Lair:4   | Found a staircase to the Slime Pits.
 12701 | Lair:4   | Lost mutation: You are somewhat resistant to further
                  | mutation. [Jiyva's grace]
 12701 | Lair:4   | Lost mutation: Your muscles are very strong. (Str +8,
                  | Int/Dex -2) [Jiyva's grace]
 12701 | Lair:4   | Lost mutation: Your spells are much harder to cast, but
                  | much more powerful. [Jiyva's grace]
 12701 | Lair:4   | Gained mutation: You have a small jelly attached to you
                  | that senses nearby items. [Jiyva's grace]
 12701 | Lair:4   | Gained mutation: You have a pair of horns on your head.
                  | [Jiyva's grace]
 12701 | Lair:4   | Gained mutation: You have a pair of large horns on your
                  | head. [Jiyva's grace]
 12701 | Lair:4   | Gained mutation: Your flesh is almost immune to the effects
                  | of heat. (rF+++) [Jiyva's grace]
 13089 | Lair:5   | Entered Level 5 of the Lair of Beasts
 13362 | Lair:5   | Noticed a dire elephant
 13362 | Lair:5   | Noticed a dire elephant
 13424 | Lair:5   | Found a runed translucent door.
 13427 | Lair:5   | Noticed Starbright's ghost (journeyman FoVM)
 13564 | Lair:4   | Reached skill level 5 in Evocations
 13951 | Lair:5   | Reached skill level 10 in Stealth
 14266 | Lair:5   | Reached XP level 15. HP: 60/118 MP: 0/0
 14266 | Lair:5   | Learned a level 6 spell: Death Channel
 14519 | Lair:5   | Reached skill level 10 in Shields
 14996 | Orc:1    | Entered Level 1 of the Orcish Mines
 15318 | Orc:2    | Entered Level 2 of the Orcish Mines
 15350 | Orc:2    | Found a staircase to the Elven Halls.
 15350 | Orc:2    | Lost mutation: You have a pair of large horns on your head.
                  | [Jiyva's grace]
 15350 | Orc:2    | Lost mutation: You are robust. (+10% HP) [Jiyva's grace]
 15350 | Orc:2    | Lost mutation: Your muscles are strong. (Str +4, Int/Dex
                  | -1) [Jiyva's grace]
 15350 | Orc:2    | Lost mutation: Your spells are harder to cast, but more
                  | powerful. [Jiyva's grace]
 15350 | Orc:2    | Gained mutation: You have acidic saliva. [Jiyva's grace]
 15350 | Orc:2    | Gained mutation: You have a pair of large horns on your
                  | head. [Jiyva's grace]
 15350 | Orc:2    | Gained mutation: Your mind is acute. (Int +4, Str/Dex -1)
                  | [Jiyva's grace]
 15350 | Orc:2    | Gained mutation: Your mind is very acute. (Int +8, Str/Dex
                  | -2) [Jiyva's grace]
 15367 | Orc:2    | Noticed Urug
 15376 | Orc:2    | Killed Urug
 15671 | Orc:2    | Found Ygessooni's Assorted Antiques.
 15671 | Orc:2    | Found Deluhig's General Store.
 15782 | Orc:2    | Found Voppazit's Armour Emporium.
 15782 | Orc:2    | Found Buac's Distillery.
 15846 | Orc:2    | Bought a potion of attraction for 42 gold pieces
 16512 | D:11     | HP: 4/112 [skeletal warrior/+0 dire flail (22)]
 16701 | D:12     | Noticed Nergalle
 16713 | D:12     | Killed Nergalle
 17235 | D:12     | Noticed Nessos
 17236 | D:12     | Noticed Psyche
 17243 | D:12     | Killed Psyche
 17401 | D:12     | Killed Nessos
 17402 | D:12     | Reached XP level 16. HP: 102/118 MP: 0/0
 17615 | D:13     | Reached skill level 11 in Shields
 17700 | D:13     | Found a one-way gate to the infinite horrors of the Abyss.
 17700 | D:13     | Noticed Mexzoddasi's ghost (journeyman MiBe)
 17715 | D:13     | Found a transporter.
 17722 | D:13     | Found a transporter.
 17768 | D:13     | Lost mutation: You have a pair of large horns on your head.
                  | [Jiyva's grace]
 17768 | D:13     | Lost mutation: You have a pair of horns on your head.
                  | [Jiyva's grace]
 17768 | D:13     | Lost mutation: Your mind is very acute. (Int +8, Str/Dex
                  | -2) [Jiyva's grace]
 17768 | D:13     | Lost mutation: Your flesh is almost immune to the effects
                  | of heat. (rF+++) [Jiyva's grace]
 17768 | D:13     | Lost mutation: You have acidic saliva. [Jiyva's grace]
 17768 | D:13     | Lost mutation: Your movements are slightly less encumbered
                  | by armour. (ER -2) [Jiyva's grace]
 17768 | D:13     | Gained mutation: You have a pair of horns on your head.
                  | [Jiyva's grace]
 17768 | D:13     | Gained mutation: You have a pair of large horns on your
                  | head. [Jiyva's grace]
 17768 | D:13     | Gained mutation: You are robust. (+10% HP) [Jiyva's grace]
 17768 | D:13     | Gained mutation: You are very robust. (+20% HP) [Jiyva's
                  | grace]
 18439 | D:14     | Noticed Snorg
 18449 | D:14     | Killed Snorg
 18472 | D:14     | Found a gate to the Vaults.
 18691 | D:14     | Identified the +11 scimitar of Dimug {spect, rPois}
 18841 | D:14     | Reached skill level 1 in Long Blades
 19099 | D:15     | Entered Level 15 of the Dungeon
 19099 | D:15     | Noticed Rupert
 19102 | D:15     | Killed Rupert
 19535 | D:15     | Found a sacrificial altar of Ru.
 19715 | D:15     | Noticed Agnes
 19889 | Snake:1  | Entered Level 1 of the Snake Pit
 19942 | Snake:1  | Reached skill level 5 in Long Blades
 20171 | Snake:1  | Reached XP level 17. HP: 120/150 MP: 0/0
 20171 | Snake:1  | Learned a level 7 spell: Malign Gateway
 20175 | Snake:1  | Identified the +8 quarterstaff "Ruvax" {antimagic, *Rage
                  | +Blink Int+4 Stlth+}
 20212 | Snake:1  | Lost mutation: You have a pair of large horns on your head.
                  | [Jiyva's grace]
 20212 | Snake:1  | Lost mutation: You have a pair of horns on your head.
                  | [Jiyva's grace]
 20212 | Snake:1  | Gained mutation: Your flesh is almost immune to the effects
                  | of heat. (rF+++) [Jiyva's grace]
 20212 | Snake:1  | Gained mutation: You have a somewhat thin skeletal
                  | structure. (Dex +2, Stealth+) [Jiyva's grace]
 20212 | Snake:1  | Gained mutation: You have a moderately thin skeletal
                  | structure. (Dex +4, Stealth++) [Jiyva's grace]
 20212 | Snake:1  | Gained mutation: You have an unnaturally thin skeletal
                  | structure. (Dex +6, Stealth+++) [Jiyva's grace]
 20610 | Snake:1  | Found a glowing golden altar of the Shining One.
 20654 | Snake:1  | Found a runed translucent door.
 20654 | Snake:1  | Noticed Tylifoqe's ghost (adept MiBe)
 20961 | Snake:2  | Noticed Asterion
 21094 | Orc:2    | Bought a +2 scale mail of cold resistance for 294 gold
                  | pieces
 21123 | Orc:2    | Bought a potion of heal wounds for 70 gold pieces
 21123 | Orc:2    | Bought a potion of curing for 42 gold pieces
 21123 | Orc:2    | Bought a potion of heal wounds for 70 gold pieces
 21123 | Orc:2    | Bought a potion of mutation for 112 gold pieces
 21123 | Orc:2    | Bought a potion of might for 56 gold pieces
 21154 | Orc:2    | Bought a scroll of vulnerability for 152 gold pieces
 21154 | Orc:2    | Bought a scroll labelled FEJONUPIC for 38 gold pieces
 21415 | Snake:2  | Found a hide-covered altar of Uskayaw.
 21514 | Snake:2  | Found a runed translucent gate.
 21522 | Snake:2  | Found a runed translucent gate.
 21523 | Snake:2  | Found a runed translucent gate.
 21524 | Snake:2  | Found an opulent altar of Gozag.
 21525 | Snake:2  | Noticed Enoukam's ghost (adept OpVM)
 21554 | Snake:2  | Noticed an Executioner
 21559 | Snake:2  | Killed Asterion
 21608 | Snake:2  | Noticed Kirke
 21620 | Snake:2  | Killed Kirke
 22031 | Snake:2  | Lost mutation: You have an unnaturally thin skeletal
                  | structure. (Dex +6, Stealth+++) [Jiyva's grace]
 22031 | Snake:2  | Lost mutation: Your melee attacks may engulf your foes in
                  | ooze. [Jiyva's grace]
 22031 | Snake:2  | Gained mutation: Your body has grown eyes which may confuse
                  | attackers. (Acc +3) [Jiyva's grace]
 22031 | Snake:2  | Gained mutation: Your body has grown many eyes which may
                  | confuse attackers. (Acc +5) [Jiyva's grace]
 22031 | Snake:2  | Gained mutation: Your body is covered in eyes which may
                  | confuse attackers. (Acc +7, SInv) [Jiyva's grace]
 22031 | Snake:2  | Gained mutation: Your movements are slightly less
                  | encumbered by armour. (ER -2) [Jiyva's grace]
 22421 | Snake:3  | Noticed Vashnia
 22514 | Snake:3  | Killed Vashnia
 22515 | Snake:3  | Reached skill level 10 in Long Blades
 22852 | Snake:3  | Noticed Aizul
 22862 | Snake:3  | Killed Aizul
 23145 | Snake:4  | Entered Level 4 of the Snake Pit
 23353 | Snake:4  | Noticed Mara
 23362 | Snake:4  | Noticed Shard1697's illusion
 23395 | Snake:4  | Killed Mara
 23396 | Snake:4  | Reached skill level 12 in Shields
 23470 | Snake:4  | Reached XP level 18. HP: 157/157 MP: 0/0
 23842 | Snake:4  | Lost mutation: You are very robust. (+20% HP) [Jiyva's
                  | grace]
 23842 | Snake:4  | Lost mutation: You are robust. (+10% HP) [Jiyva's grace]
 23842 | Snake:4  | Lost mutation: Your spells are a little harder to cast, but
                  | a little more powerful. [Jiyva's grace]
 23842 | Snake:4  | Gained mutation: You have hidden genetic potential.
                  | [Jiyva's grace]
 23842 | Snake:4  | Gained mutation: You have great hidden genetic potential.
                  | [Jiyva's grace]
 23842 | Snake:4  | Gained mutation: You have sharp fingernails. [Jiyva's
                  | grace]
 23842 | Snake:4  | Gained mutation: You have very sharp fingernails. [Jiyva's
                  | grace]
 23926 | Snake:4  | Reached skill level 13 in Shields
 24001 | Snake:4  | Got a serpentine rune of Zot
 24263 | Snake:4  | Reached skill level 10 in Spellcasting
 24263 | Snake:4  | Reached skill level 10 in Conjurations
 24263 | Snake:4  | Reached skill level 10 in Hexes
 24263 | Snake:4  | Reached skill level 10 in Summonings
 24263 | Snake:4  | Reached skill level 10 in Necromancy
 24263 | Snake:4  | Reached skill level 10 in Translocations
 24263 | Snake:4  | Reached skill level 10 in Transmutations
 24263 | Snake:4  | Reached skill level 10 in Fire Magic
 24263 | Snake:4  | Reached skill level 10 in Ice Magic
 24263 | Snake:4  | Reached skill level 10 in Air Magic
 24263 | Snake:4  | Reached skill level 10 in Earth Magic
 24263 | Snake:4  | Reached skill level 10 in Poison Magic
 24417 | Snake:4  | Reached skill level 14 in Shields
 24670 | Swamp:1  | Entered Level 1 of the Swamp
 24952 | Swamp:1  | Reached XP level 19. HP: 56/137 MP: 0/0
 24952 | Swamp:1  | Learned a level 7 spell: Summon Hydra
 25417 | Swamp:2  | Noticed a tentacled monstrosity
 25425 | Swamp:2  | Killed a tentacled monstrosity
 25453 | Swamp:2  | Identified the ring "Lusiumeg" {rElec Dex+6}
 25533 | Swamp:2  | Gained mutation: Your spells are a little harder to cast,
                  | but a little more powerful. [hidden potential]
 25575 | Swamp:2  | Reached skill level 15 in Shields
 25578 | Swamp:2  | Noticed a tentacled monstrosity
 25604 | Swamp:2  | Killed a tentacled monstrosity
 25881 | Swamp:2  | Lost mutation: You have very sharp fingernails. [Jiyva's
                  | grace]
 25881 | Swamp:2  | Lost mutation: You have a pair of small horns on your head.
                  | [Jiyva's grace]
 25881 | Swamp:2  | Lost mutation: You have a moderately thin skeletal
                  | structure. (Dex +4, Stealth++) [Jiyva's grace]
 25881 | Swamp:2  | Lost mutation: Your body is covered in eyes which may
                  | confuse attackers. (Acc +7, SInv) [Jiyva's grace]
 25881 | Swamp:2  | Lost mutation: Your body has grown many eyes which may
                  | confuse attackers. (Acc +5) [Jiyva's grace]
 25881 | Swamp:2  | Gained mutation: You have a small jelly attached to you
                  | that may absorb projectiles. [Jiyva's grace]
 25881 | Swamp:2  | Gained mutation: Your spells are harder to cast, but more
                  | powerful. [Jiyva's grace]
 25881 | Swamp:2  | Gained mutation: Your spells are much harder to cast, but
                  | much more powerful. [Jiyva's grace]
 25881 | Swamp:2  | Gained mutation: You passively map a small area around you.
                  | [Jiyva's grace]
 26973 | Swamp:4  | Entered Level 4 of the Swamp
 27126 | Swamp:4  | Identified the +1 quarterstaff "Testudineslayer" {speed,
                  | *Corrode Str+4 Int+3 Dex+3}
 27202 | Swamp:4  | Reached XP level 20. HP: 142/143 MP: 0/0
 27203 | Swamp:4  | Noticed Donald
 27225 | Swamp:4  | Killed Donald
 27361 | Swamp:3  | HP: 7/143 [seven-headed hydra (5)]
 27361 | Swamp:3  | HP: 3/143 [seven-headed hydra (4)]
 27362 | Swamp:3  | Slain by a swamp dragon

Illustrated notes

Levels and vault maps discovered:
D:1:      lordsloth_arrival_two_stooges, layout_basic, serial_forest,
          infiniplex_forest_lined_2, infiniplex_forest_end_3,
          infiniplex_forest_end_2, infiniplex_forest_clump_curved,
          infiniplex_forest_pool, infiniplex_forest_clump_double,
          infiniplex_forest_lined_corner, infiniplex_forest_clump_curved,
          chequers_ecumenical_altar_island
D:2:      layout_basic, basic_altar, kennysheep_generic_room_2
D:3:      layout_basic, portal_sewer_entry_e, kennysheep_generic_room_5,
          uniq_robin, uniq_grinder, uniq_ijyb
D:4:      minmay_wonky_spiral, layout_loops_ring, kiku_gazebo_pond_becter,
          ebering_ghost_disaster_area, minmay_misc_feat_more_columns,
          nrook_loot_triangle, minivault_19, nicolae_shop_fire_sale
          [nicolae_sub_dead_trees], minivault_4, nicolae_grassy_gnolls
D:5:      layout_cave_pods, minmay_temple_entry_glassed_door,
          minmay_misc_feat_five, uniq_duvessa
D:6:      layout_loops_ring, mainiacjoe_overflow_alcove_3,
          guppyfry_early_elven_hall
D:7:      layout_loops_cross, mainiacjoe_overflow_chevrons, uniq_joseph
D:8:      layout_basic, kennysheep_little_box
D:9:      layout_roguey, enter_bailey_6
D:10:     layout_loops_ring, kennysheep_minor_cross
D:11:     layout_basic, lair_entry_dummy, orc_0_dummy,
          nicolae_trove_entry_diagonal
D:12:     layout_loops_cross, abandoned_shop, kennysheep_nondescript,
          uniq_nessos, uniq_nergalle, uniq_psyche
D:13:     layout_basic, gammafunk_ghost_abyssal_escape
D:14:     minmay_the_grid_triangle_9x9_recursive_2
          [minmay_the_grid_triangle_9x9_prize_center,
          minmay_the_grid_triangle_9x9_stretched_checkered,
          minmay_the_grid_triangle_9x9_impossible_snake,
          minmay_the_grid_triangle_9x9_sprig], layout_basic, erik_vaults_1,
          serial_park_square1 [serial_park_minivault_5x5_8],
          dreamdust_mushroom_princess, uniq_snorg
D:15:     hangedman_depths_entry_civil_slaughter, layout_layer_cave,
          nicolae_ru_sacrificial_ziggurat, uniq_rupert, uniq_agnes
Lair:1:   minmay_guarded_unrand_snakebite, layout_small_grid, basic_altar,
          uniq_amaemon
Lair:2:   layout_chaotic_city, skrybe_swamp_entry_bodies, serial_bayou_shore_b,
          grunt_megastairs_2
Lair:3:   layout_concentric_octagons, minmay_snake_entry_guardpost_small,
          hangedman_lair_unloving_vines, beast_lair_carwin_1, lemuel_fruit_tree,
          infiniplex_staircase_pool_2, lemuel_fruit_fields
Lair:4:   layout_hall_layers, dpeg_slime_entry_enclosed,
          ebering_ghost_reflecting_pool, gauntlet_entry_generic,
          lemuel_fruit_fields
Lair:5:   due_jungle_book, layout_regular_city, hellmonk_ghost_happy_afterlife
Swamp:1:  layout_basic_swamp, nicolae_swamp_trees_clearing, swamp_pool3,
          beargit_elvish_explorers
Swamp:2:  nzn_winding_woodlands_cross [nzn_winding_woodlands_5x15_longhouse,
          nzn_winding_woodlands_5x15_zeroes,
          nzn_winding_woodlands_5x15_river_crossing,
          nzn_winding_woodlands_5x15_garden,
          nzn_winding_woodlands_15x15_five_gardens], layout_basic_swamp,
          nicolae_swamp_stair_fork, swamp_pool1
Swamp:3:  layout_basic_swamp, serial_swamp_ruin, evilmike_swamp_ruin_house_4,
          evilmike_swamp_ruin_wall, evilmike_swamp_ruin_house_1, swamp_pool4,
          nicolae_swamp_spriggan_camp
Swamp:4:  swamp, layout_basic_swamp, swamp_pool1, nicolae_swamp_little_swirl,
          infiniplex_staircase_pool, uniq_donald
Snake:1:  layout_onion, basic_altar, ebering_ghost_inner_flame
Snake:2:  layout_gridlike, basic_altar, ebering_ghost_gozag, grunt_megastairs_4,
          uniq_asterion, uniq_kirke
Snake:3:  layout_grid_maze, uniq_vashnia, uniq_jorgrun, uniq_aizul
Snake:4:  minmay_snake_end_coiled, layout_gridlike,
          nicolae_snake_magic_snake_eye, uniq_mara
Orc:1:    layout_caves
Orc:2:    st_orc_town, layout_caves, uniq_urug

Skill      XL: |  1  2  3  4  5  6  7  8  9 10 11 12 13 14 15 16 17 18 19 |
---------------+----------------------------------------------------------+-----
Short Blades   | 1 4 5 6 7 8 10 11 12 | 12.3
Spellcasting   | 4 5 6 7 8 9 10 13 | 13.5
Conjurations   | 4 5 6 7 8 9 10 13 | 13.5
Hexes          | 4 5 6 7 8 9 10 13 | 13.5
Summonings     | 4 5 6 7 8 9 10 13 | 13.5
Necromancy     | 4 5 6 7 8 9 10 13 | 13.5
Translocations | 4 5 6 7 8 9 10 13 | 13.5
Transmutations | 4 5 6 7 8 9 10 13 | 13.5
Fire Magic     | 4 5 6 7 8 9 10 13 | 13.5
Ice Magic      | 4 5 6 7 8 9 10 13 | 13.5
Air Magic      | 4 5 6 7 8 9 10 13 | 13.5
Earth Magic    | 4 5 6 7 8 9 10 13 | 13.5
Poison Magic   | 4 5 6 7 8 9 10 13 | 13.5
Fighting       | 2 3 5 6 8 10 12 | 12.8
Stealth        | 2 5 8 10 | 10.2
Shields        | 3 4 5 7 9 10 11 12 14 15 | 15.0
Dodging        | 3 6 10 | 10.3
Evocations     | 5 |  5.8
Long Blades    | 6 11 | 11.8

Action                     |  1- 3 |  4- 6 |  7- 9 | 10-12 | 13-15 | 16-18 | 19-21 || total
---------------------------+-------+-------+-------+-------+-------+-------+-------++-------
  Melee: Unarmed           |    11 |    20 |       |       |       |       |       ||    31
         Trident           |     7 |       |       |       |       |       |       ||     7
         Short sword       |    47 |   126 |   302 |   511 |  1043 |   202 |    27 ||  2258
         Punch             |       |       |     1 |       |       |       |       ||     1
         Headbutt          |       |       |       |    69 |   310 |   194 |    40 ||   613
         Bite              |       |       |       |       |    60 |     3 |       ||    63
         Scimitar          |       |       |       |       |       |   441 |   311 ||   752
   Cast: Summon Small Mamm |    14 |     2 |       |       |       |       |       ||    16
         Summon Lightning  |       |       |    10 |    23 |    55 |    61 |    16 ||   165
         Call Canine Famil |       |       |     5 |     3 |    10 |     4 |       ||    22
         Dazzling Flash    |       |       |       |     1 |    17 |     3 |       ||    21
 Invoke: Oozemancy         |       |       |       |       |     2 |       |       ||     2
  Evoke: Wand              |       |       |       |       |     1 |    13 |       ||    14
         Lightning rod     |       |       |       |       |       |     4 |       ||     4
         Phantom mirror    |       |       |       |       |       |     1 |       ||     1
    Use: Scroll            |       |     3 |     3 |     9 |     5 |     7 |     1 ||    28
         Potion            |       |       |       |     3 |     6 |     1 |     1 ||    11
   Stab: Sleeping          |     1 |     3 |     4 |     8 |    13 |    29 |    16 ||    74
         Distracted        |       |       |     2 |     8 |    16 |    24 |    16 ||    66
         Confused          |       |       |       |    14 |       |    16 |     4 ||    34
         Invisible         |       |       |       |     5 |    12 |       |       ||    17
         Petrified         |       |       |       |       |     1 |       |       ||     1
 Armour: Robe              |     9 |    27 |    17 |       |       |       |       ||    53
         Leather armour    |       |       |    27 |    83 |   140 |   103 |    36 ||   389
  Dodge: Dodged            |    23 |    84 |   109 |   139 |   338 |   365 |   170 ||  1228
  Block: Buckler           |       |       |    17 |    41 |       |       |       ||    58
         Kite shield       |       |       |       |    98 |   495 |   506 |   177 ||  1276

Table legend: (Time is in decaauts)
 A = Elapsed time spent in this place.
 B = Non-inter-level travel time spent in this place.
 C = Inter-level travel time spent in this place.
 D = Time resting spent in this place.
 E = Time spent auto-exploring this place.
 F = Levels seen in this place.
 G = Mean time per level.
                   A        B        C        D        E       F      G
               +--------+--------+--------+--------+--------+-----+--------+
         Total |  26527 |  24937 |   1590 |    972 |  15009 |  33 |  803.8 |
       Dungeon |  11947 |  11224 |    723 |    317 |   7568 |  15 |  796.5 |
          Lair |   4982 |   4580 |    402 |     94 |   2877 |   5 |  996.4 |
         Swamp |   2609 |   2541 |     68 |    238 |   1266 |   4 |  652.2 |
     Snake Pit |   4391 |   4181 |    210 |    232 |   2385 |   4 | 1097.8 |
  Orcish Mines |   1498 |   1314 |    184 |      0 |    699 |   2 |  749.0 |
         Sewer |    509 |    509 |      0 |      0 |    179 |   1 |  509.0 |
        Bailey |    210 |    210 |      0 |      0 |     20 |   1 |  210.0 |
      Gauntlet |    378 |    378 |      0 |     91 |     15 |   1 |  378.0 |
               +--------+--------+--------+--------+--------+-----+--------+

Top non-repeatable levels by time:
  Lair:5: 1586 daAuts
 Snake:4: 1404 daAuts
 Snake:1: 1135 daAuts
   Orc:2: 1059 daAuts
    D:11: 1047 daAuts
    D:14: 1032 daAuts
     D:2: 981 daAuts
    D:12: 971 daAuts
  Lair:2: 963 daAuts
  Lair:1: 957 daAuts
 Snake:2: 942 daAuts
 Snake:3: 909 daAuts
     D:8: 896 daAuts
 Swamp:2: 877 daAuts
     D:5: 859 daAuts
